[Event "January 2 Early 2024"]
[Site "https://www.chess.com"]
[Date "2024.01.02"]
[Round "3"]
[White "Lopez Del Alamo, Antonio"]
[Black "Rietze, Clemens, Dr."]
[Result "0-1"]
[Board "190"]
[TimeControl "180+1"]
[WhiteFideId "2227339"]
[BlackFideId "24620351"]
[WhiteElo "2266"]
[BlackElo "2513"]
[WhiteTeam "ESP"]
[BlackTeam "GER"]
[WhiteClock "0:00:12"]
[BlackClock "0:00:07"]

1. e4 c5 2. Nf3 Nc6 3. b4 cxb4 4. d4 g6 5. Bb2 Bg7 6. Nbd2 d6 7. h3 Nf6 8. Bc4 d5 9. exd5 Nxd5 10. O-O O-O 11. Ne4 h6 12. Rb1 Bf5 13. Ng3 Be6 14. Re1 Qd7 15. Ne4 b6 16. Qd2 a5 17. Rbd1 Qc7 18. Bb5 Na7 19. Bf1 Rac8 20. Rc1 Nc3 21. Bxc3 bxc3 22. Qe3 Bxa2 23. Bd3 Bd5 24. Ng3 b5 25. Ne5 Qd6 26. f4 e6 27. f5 exf5 28. Bxf5 b4 29. Ne4 Qe7 30. Bxc8 Rxc8 31. Nc5 Qd6 32. Ned3 Nb5 33. Ra1 Bxd4 34. Rxa5 Bxe3+ 35. Rxe3 Rxc5 36. Nxc5 Qxc5 37. Kf2 b3 38. cxb3 c2 39. Ra1 c1=Q 40. Rxc1 Qxc1 41. Re8+ Kg7 42. Re2 Qc5+ 0-1

[Event "January 2 Early 2024"]
[Site "https://www.chess.com"]
[Date "2024.01.02"]
[Round "3"]
[White "xakevicius91"]
[Black "Burdalev, Kirill"]
[Result "1-0"]
[Board "191"]
[TimeControl "180+1"]
[BlackFideId "14121913"]
[WhiteElo "2510"]
[BlackElo "2265"]
[BlackTeam "CZE"]
[WhiteClock "0:01:45"]
[BlackClock "0:00:03"]

1. e4 e5 2. Nf3 Nc6 3. d4 exd4 4. Nxd4 Nf6 5. Nxc6 bxc6 6. Qe2 Qe7 7. Nc3 d6 8. f3 g6 9. b3 Bg7 10. Bb2 O-O 11. O-O-O a5 12. g4 Ba6 13. Qg2 Bxf1 14. Rhxf1 d5 15. exd5 Nxd5 16. Nxd5 Bxb2+ 17. Kxb2 cxd5 18. a4 c6 19. Qd2 Qf6+ 20. Qc3 Kg7 21. Rfe1 Rfe8 22. g5 Qxc3+ 23. Kxc3 h6 24. h4 hxg5 25. hxg5 f6 26. gxf6+ Kxf6 27. Kd4 Re6 28. Rxe6+ Kxe6 29. Kc5 Kd7 30. Rg1 Rf8 31. Rxg6 Rxf3 32. Rd6+ Ke7 33. Rxc6 d4 34. Kxd4 Rf5 35. Rc5 Rf2 36. Kd3 Rf3+ 37. Kd2 Rf2+ 38. Kc1 Rf1+ 39. Kb2 Kd6 40. Rxa5 Rb1+ 1-0

[Event "January 2 Early 2024"]
[Site "https://www.chess.com"]
[Date "2024.01.02"]
[Round "3"]
[White "Tikhonov, Viacheslav"]
[Black "Brejnik, Gustav"]
[Result "1-0"]
[Board "192"]
[TimeControl "180+1"]
[WhiteFideId "44196407"]
[BlackFideId "362662"]
[WhiteElo "2498"]
[BlackElo "2250"]
[WhiteTeam "RUS"]
[BlackTeam "CZE"]
[WhiteClock "0:00:04"]
[BlackClock "0:00:01"]

1. e4 a6 2. d4 c6 3. Nf3 d5 4. exd5 cxd5 5. h3 Bf5 6. Bd3 Bxd3 7. Qxd3 Nc6 8. c3 e6 9. O-O Bd6 10. Bg5 Nf6 11. Nbd2 h6 12. Bxf6 Qxf6 13. Rfe1 O-O 14. Qe3 b5 15. Ne5 Rfc8 16. a3 a5 17. Ndf3 Qd8 18. Nxf7 Kxf7 19. Qxe6+ Kf8 20. Nh4 Qxh4 21. Re3 Qf6 22. Rf3 Bf4 23. Qxd5 Rd8 24. Qxb5 Rab8 25. Qc4 Rxb2 26. g3 g5 27. Re1 Kg7 28. Re6 Qf5 29. Kg2 g4 30. hxg4 Qxg4 31. Rxf4 Rxf2+ 32. Kxf2 Qd1 33. Qxc6 Qd2+ 34. Re2 Qd3 35. Qf6+ Kg8 36. Qf7+ Kh8 37. Qf6+ Kg8 38. Qxd8+ Kg7 39. Qd7+ Kg6 40. Qf7+ Kg5 41. Re5+ Qf5 42. Rexf5# 1-0

[Event "January 2 Early 2024"]
[Site "https://www.chess.com"]
[Date "2024.01.02"]
[Round "3"]
[White "Chirivi C, Jenny Astrid"]
[Black "Estrada Nieto, Julian"]
[Result "0-1"]
[Board "193"]
[TimeControl "180+1"]
[WhiteFideId "4403061"]
[BlackFideId "5101018"]
[WhiteElo "2244"]
[BlackElo "2495"]
[WhiteTeam "COL"]
[BlackTeam "ESP"]
[WhiteClock "0:00:00"]
[BlackClock "0:00:15"]

1. d4 d5 2. c4 dxc4 3. Nf3 Nf6 4. e3 e6 5. Bxc4 c5 6. O-O a6 7. Bb3 Nc6 8. Qe2 Be7 9. Rd1 Qc7 10. Nc3 O-O 11. e4 cxd4 12. Nxd4 Nxd4 13. Rxd4 Bc5 14. Rd1 b5 15. Bg5 Qe5 16. Bh4 Bb7 17. Bg3 Qh5 18. Qxh5 Nxh5 19. Bd6 Bxd6 20. Rxd6 Rfd8 21. Rad1 Rxd6 22. Rxd6 b4 23. Na4 Bxe4 24. Nc5 Bf5 25. Nxa6 Rc8 26. Nxb4 Nf4 27. f3 g5 28. Kf2 Kg7 29. g3 Ng6 30. Nc6 Kf6 31. a4 Ra8 32. a5 Ne5 33. f4 gxf4 34. gxf4 Nxc6 35. Rxc6 Rxa5 36. Ke3 Rb5 37. Rc3 Rb4 38. Kf3 h5 39. Kg3 h4+ 40. Kxh4 Rxf4+ 41. Kg3 Rg4+ 42. Kf3 e5 43. h3 Rg1 44. Kf2 Rh1 45. Kg2 Be4+ 46. Kg3 Rg1+ 47. Kf2 Rg2+ 48. Kf1 Rxb2 49. Bd1 Kg5 50. Rg3+ Kf4 51. Rg4+ Ke3 52. Rg3+ Kd4 53. Rg4 Rb1 54. Ke2 f5 55. Rg8 Bf3+ 0-1

[Event "January 2 Early 2024"]
[Site "https://www.chess.com"]
[Date "2024.01.02"]
[Round "3"]
[White "Sidletskyi, Ivan"]
[Black "Cueto, Jonny"]
[Result "0-1"]
[Board "194"]
[TimeControl "180+1"]
[WhiteFideId "14156024"]
[BlackFideId "3300145"]
[WhiteElo "2487"]
[BlackElo "2244"]
[WhiteTeam "UKR"]
[BlackTeam "BOL"]
[WhiteClock "0:00:06"]
[BlackClock "0:00:18"]

1. e4 e6 2. d4 d5 3. exd5 exd5 4. Bf4 Nc6 5. Nc3 Bb4 6. Bd3 Nge7 7. Ne2 Be6 8. O-O a6 9. a3 Ba5 10. b4 Bb6 11. Be3 Qd7 12. Nf4 Nxd4 13. Bxa6 Bg4 14. Be2 Nxe2+ 15. Ncxe2 d4 16. Bxd4 Bxd4 17. Qxd4 Qxd4 18. Nxd4 O-O-O 19. c3 g5 20. Nd3 Nd5 21. Ne5 Bh5 22. c4 Nf4 23. Ndf3 Rhe8 24. Rae1 g4 25. Nh4 f6 26. g3 Nh3+ 27. Kg2 fxe5 28. Re4 Ng5 29. Re3 Nf3 30. Nxf3 gxf3+ 31. Kh3 e4 32. Rfe1 Bg6 33. g4 Rd3 34. Rxd3 exd3 35. Rd1 Rd8 0-1

[Event "January 2 Early 2024"]
[Site "https://www.chess.com"]
[Date "2024.01.02"]
[Round "3"]
[White "Shishkov, Andrei"]
[Black "Arshiya Das"]
[Result "1-0"]
[Board "195"]
[TimeControl "180+1"]
[WhiteFideId "4500563"]
[BlackFideId "25652150"]
[WhiteElo "2485"]
[BlackElo "2242"]
[WhiteTeam "EST"]
[BlackTeam "IND"]
[WhiteClock "0:00:17"]
[BlackClock "0:00:33"]

1. d4 Nf6 2. c4 e6 3. Nc3 d5 4. cxd5 exd5 5. Bg5 c6 6. e3 Bf5 7. Qf3 Qd7 8. Bxf6 gxf6 9. h3 Be7 10. O-O-O Na6 11. g4 Bg6 12. Bxa6 bxa6 13. Nge2 Rb8 14. Nf4 Qb7 15. Qe2 Bb4 16. Na4 Qb5 17. Qxb5 cxb5 18. Nc3 Rc8 19. Nxd5 Be7 20. Nxe7 Kxe7 21. Kd2 Ke6 22. Rc1 h5 23. f4 f5 24. g5 h4 25. Ne2 Bh5 26. Rxc8 Rxc8 27. Rc1 Rxc1 28. Nxc1 Bf3 29. Ne2 Bg2 30. Ng1 Kd5 31. Ke2 Kc4 32. Kf2 Bd5 33. Nf3 Bxf3 34. Kxf3 Kd3 35. d5 Kc2 36. d6 Kxb2 37. d7 Kxa2 38. d8=Q b4 39. Qa5+ Kb3 40. Ke2 Kc4 41. Qxa6+ 1-0

[Event "January 2 Early 2024"]
[Site "https://www.chess.com"]
[Date "2024.01.02"]
[Round "3"]
[White "Delgado Kuffo, Andres"]
[Black "Garcia Almaguer, Juan Manuel"]
[Result "0-1"]
[Board "196"]
[TimeControl "180+1"]
[WhiteFideId "3600475"]
[BlackFideId "5110491"]
[WhiteElo "2236"]
[BlackElo "2483"]
[WhiteTeam "ECU"]
[BlackTeam "MEX"]
[WhiteClock "0:00:00"]
[BlackClock "0:01:57"]

1. e4 e5 2. Nc3 Nc6 3. f4 exf4 4. d4 g5 5. h4 Bg7 6. d5 Ne5 7. hxg5 Qxg5 8. Nce2 Ng6 9. Nh3 Qh4+ 10. Nf2 Qg5 11. Nh3 Qh4+ 12. Nf2 Qf6 13. Ng4 Qg5 14. Nf2 h5 15. g3 Be5 16. Rg1 Qf6 17. gxf4 Nxf4 18. Nxf4 Bxf4 19. Bxf4 Qxf4 20. Qd4 Nf6 21. Nd3 Qh4+ 22. Kd1 d6 0-1

[Event "January 2 Early 2024"]
[Site "https://www.chess.com"]
[Date "2024.01.02"]
[Round "3"]
[White "Korpics, Zsolt"]
[Black "Merikard"]
[Result "1-0"]
[Board "197"]
[TimeControl "180+1"]
[WhiteFideId "705241"]
[WhiteElo "2479"]
[BlackElo "2236"]
[WhiteTeam "HUN"]
[WhiteClock "0:00:15"]
[BlackClock "0:00:33"]

1. e4 g6 2. d4 Bg7 3. Nc3 d6 4. h4 h6 5. h5 g5 6. f4 gxf4 7. Bxf4 Nd7 8. Qd2 a6 9. O-O-O b5 10. Rh3 Bb7 11. Rg3 Bf6 12. Nf3 e6 13. Bd3 b4 14. Ne2 a5 15. e5 Bxf3 16. Rxf3 dxe5 17. dxe5 Bxe5 18. Bb5 Bd6 19. Bxd6 cxd6 20. Qxd6 Ra7 21. Nd4 Ne7 22. Nc6 Nxc6 23. Bxc6 Rc7 24. Rfd3 Rg8 25. Bxd7+ Rxd7 26. Qxd7+ Qxd7 27. Rxd7 Rxg2 28. Ra7 Kf8 29. Rxa5 Rf2 30. Re5 Ke7 31. Re4 f5 32. Rxb4 Kf6 33. a4 e5 34. a5 e4 35. a6 e3 36. a7 e2 37. Re1 Rf1 38. Kd2 Rxe1 39. Kxe1 1-0

[Event "January 2 Early 2024"]
[Site "https://www.chess.com"]
[Date "2024.01.02"]
[Round "3"]
[White "Chemin, Justo Reinaldo"]
[Black "Azali, Tannaz"]
[Result "0-1"]
[Board "198"]
[TimeControl "180+1"]
[WhiteFideId "2101580"]
[BlackFideId "12537721"]
[WhiteElo "2223"]
[BlackElo "2471"]
[WhiteTeam "BRA"]
[BlackTeam "IRI"]
[WhiteClock "0:00:29"]
[BlackClock "0:00:50"]

1. e4 c6 2. d4 d5 3. exd5 cxd5 4. Bd3 Nf6 5. c3 Bg4 6. Qb3 Qc7 7. Bg5 Nbd7 8. Nd2 e6 9. Bh4 Bd6 10. Bg3 O-O 11. Ngf3 Rab8 12. O-O a6 13. Rfe1 b5 14. Ne5 Bh5 15. f4 b4 16. c4 dxc4 17. Ndxc4 Bxe5 18. dxe5 Nc5 19. Qc2 Nxd3 20. Qxd3 Bg6 21. Qd4 Rfd8 22. Nd6 Nd5 23. Rec1 Qe7 24. Rc6 a5 25. Rac1 h6 26. Qf2 Qd7 27. Bh4 Rf8 28. Qd4 a4 29. Bf2 a3 30. bxa3 Nc3 31. f5 Ne2+ 32. Kf1 Nxd4 33. Rc7 Qa4 34. fxg6 fxg6 35. Ke1 bxa3 36. R7c4 Qa5+ 37. Kd1 Qxe5 0-1

[Event "January 2 Early 2024"]
[Site "https://www.chess.com"]
[Date "2024.01.02"]
[Round "3"]
[White "Piddubna, Bozhena"]
[Black "Namitbir Singh Walia"]
[Result "0-1"]
[Board "199"]
[TimeControl "180+1"]
[WhiteFideId "34109293"]
[BlackFideId "35071068"]
[WhiteElo "2214"]
[BlackElo "2454"]
[WhiteTeam "UKR"]
[BlackTeam "IND"]
[WhiteClock "0:00:00"]
[BlackClock "0:01:06"]

1. c4 e6 2. d4 d5 3. Nf3 Nf6 4. g3 Be7 5. Bg2 O-O 6. O-O b6 7. Nc3 Bb7 8. b3 dxc4 9. bxc4 c5 10. dxc5 Bxc5 11. Bg5 Nbd7 12. Nb5 h6 13. Bf4 Ne4 14. Qc2 a6 15. Nc3 Nxc3 16. Qxc3 Qf6 17. Ne5 Bxg2 18. Kxg2 Bd6 19. Rad1 Bxe5 20. Qf3 Bxf4 21. Rxd7 Be5 22. Qb7 Bd4 23. e3 Bc5 24. Rfd1 h5 25. h4 Rad8 26. Qxa6 Rxd7 27. Rxd7 Rd8 28. Rxd8+ Qxd8 29. a4 Qd2 30. Qa8+ Kh7 31. Qe4+ g6 32. Qf3 Kg7 33. Qe4 Qc3 34. Qf4 Qa1 35. Qe4 Qxa4 36. Qe5+ Kg8 37. Qb8+ Bf8 38. Qf4 Qc6+ 39. Kh2 Bd6 40. Qd4 Bc5 41. Qf4 Qd6 42. Qf3 Qe5 43. Qa8+ Kg7 44. Qf3 Qf6 45. Qe4 Qxf2+ 46. Kh3 Qxe3 47. Qb1 Qe5 0-1

[Event "January 2 Early 2024"]
[Site "https://www.chess.com"]
[Date "2024.01.02"]
[Round "3"]
[White "Zainullina, Nataliya"]
[Black "Urbina Perez, Juan Antonio"]
[Result "1/2-1/2"]
[Board "200"]
[TimeControl "180+1"]
[WhiteFideId "4145488"]
[BlackFideId "2217368"]
[WhiteElo "2203"]
[BlackElo "2453"]
[WhiteTeam "RUS"]
[BlackTeam "ESP"]
[WhiteClock "0:00:26"]
[BlackClock "0:01:31"]

1. e4 e5 2. Nf3 Nf6 3. Nxe5 d6 4. Nf3 Nxe4 5. Nc3 Nxc3 6. dxc3 Be7 7. Be3 Be6 8. Bd3 Nc6 9. Qd2 h6 10. Nd4 Nxd4 11. cxd4 d5 12. O-O Qd7 13. c3 O-O 14. Rae1 Bd6 15. Bf4 Rfe8 16. Be5 Bxe5 17. Rxe5 f6 18. Re3 Bf5 19. Rfe1 Bxd3 20. Qxd3 c6 21. Qg6 Kf8 22. f3 Rxe3 23. Rxe3 Re8 24. Rxe8+ Qxe8 25. Qxe8+ Kxe8 26. Kf2 Ke7 27. Ke3 Ke6 28. h4 g5 29. h5 b6 30. a4 Kd6 31. b3 c5 32. dxc5+ Kxc5 33. Kd3 a5 34. g4 b5 35. axb5 Kxb5 36. Kd4 Kc6 37. c4 dxc4 38. Kxc4 Kb6 39. Kd4 Kb5 40. Kd3 Kc5 41. Kc3 Kb5 42. Kd3 Kb4 43. Kc2 Ka3 44. Kc3 Ka2 45. b4 axb4+ 46. Kxb4 Kb2 47. Kc4 Kc2 48. Kd4 Kd2 49. Ke4 Ke2 50. f4 Kf2 51. fxg5 fxg5 52. Kf5 Kg3 53. Kg6 Kxg4 54. Kxh6 Kf4 55. Kg7 g4 56. h6 g3 57. h7 g2 58. h8=Q g1=Q+ 59. Kf7 Qa7+ 60. Kg6 Qb6+ 61. Qf6+ Qxf6+ 62. Kxf6 1/2-1/2

[Event "January 2 Early 2024"]
[Site "https://www.chess.com"]
[Date "2024.01.02"]
[Round "3"]
[White "Valle Luis, Leo"]
[Black "Clawitter, Craig"]
[Result "1-0"]
[Board "201"]
[TimeControl "180+1"]
[WhiteFideId "54577187"]
[BlackFideId "2023105"]
[WhiteElo "2444"]
[BlackElo "2202"]
[WhiteTeam "ESP"]
[BlackTeam "USA"]
[WhiteClock "0:00:12"]
[BlackClock "0:00:00"]

1. e4 e6 2. d4 d5 3. e5 c5 4. c3 Qb6 5. Nf3 Nc6 6. a3 Nh6 7. Bd3 cxd4 8. O-O Nf5 9. Bxf5 exf5 10. cxd4 Be7 11. Nc3 Be6 12. b4 O-O 13. Qd3 h6 14. Na4 Qd8 15. Nc5 b6 16. Nb3 g5 17. Re1 f4 18. h3 Qd7 19. Nh2 Bf5 20. Qd1 Kg7 21. Bb2 Nd8 22. Rc1 Ne6 23. Qd2 Rfc8 24. Rc3 Rxc3 25. Bxc3 Qa4 26. Na1 Qxa3 27. Rc1 Rc8 28. Nf1 Bxb4 29. Nb3 Rxc3 30. Rxc3 Qxb3 31. Rxb3 Bxd2 32. Nxd2 Nxd4 33. Ra3 a5 34. Kf1 Bc2 35. Rc3 b5 36. Rc5 b4 37. Rxd5 1-0

[Event "January 2 Early 2024"]
[Site "https://www.chess.com"]
[Date "2024.01.02"]
[Round "3"]
[White "Gutierrez Carmona, Juan Alejandro"]
[Black "Nemec, Jachym"]
[Result "0-1"]
[Board "202"]
[TimeControl "180+1"]
[WhiteFideId "5106770"]
[BlackFideId "23716525"]
[WhiteElo "2198"]
[BlackElo "2430"]
[WhiteTeam "MEX"]
[BlackTeam "CZE"]
[WhiteClock "0:00:06"]
[BlackClock "0:01:36"]

1. e4 Nc6 2. d4 d5 3. e5 Bf5 4. c3 e6 5. Be3 Nge7 6. Nd2 Qd7 7. b4 f6 8. f4 Bg6 9. Ngf3 h5 10. a4 h4 11. Bf2 h3 12. g4 Bf7 13. a5 a6 14. Nb3 Ng6 15. Bg3 Na7 16. Nc5 Bxc5 17. bxc5 Nb5 18. Qc2 Ne7 19. Bd3 c6 20. O-O f5 21. gxf5 Nxf5 22. Bxf5 exf5 23. Ng5 Be6 24. Bf2 O-O-O 25. Rfe1 Rh5 26. Re3 Rdh8 27. Rg3 g6 28. Be3 Rh4 29. Qf2 Nxc3 30. Qf1 Ne4 31. Nf3 Rg4 32. Rxg4 fxg4 33. Nd2 Nxd2 34. Bxd2 g3 35. hxg3 h2+ 36. Kh1 Bf5 0-1

[Event "January 2 Early 2024"]
[Site "https://www.chess.com"]
[Date "2024.01.02"]
[Round "3"]
[White "Schuh, Karsten"]
[Black "RaneshRatnesan"]
[Result "0-1"]
[Board "205"]
[TimeControl "180+1"]
[WhiteFideId "4637950"]
[WhiteElo "2393"]
[BlackElo "2188"]
[WhiteTeam "GER"]
[WhiteClock "0:00:12"]
[BlackClock "0:00:52"]

1. Nf3 d5 2. c4 d4 3. e3 c5 4. b4 dxe3 5. fxe3 cxb4 6. d4 Nf6 7. Bd3 Bg4 8. h3 Bd7 9. Ne5 Nc6 10. Nxd7 Qxd7 11. O-O e5 12. d5 Na5 13. Bb2 Bd6 14. Nd2 b6 15. Rc1 Nb7 16. Nf3 Qe7 17. Qa4+ Qd7 18. Qxd7+ Nxd7 19. Ng5 f6 20. Ne6 Kf7 21. Bf5 Nbc5 22. g4 g6 23. Bc2 Nxe6 24. dxe6+ Kxe6 25. Be4 Rac8 26. Rcd1 Nc5 27. Bd5+ Ke7 28. g5 f5 29. h4 h6 30. Kg2 hxg5 31. hxg5 Rh5 32. Rh1 Rch8 33. Rxh5 Rxh5 34. Bf3 Rxg5+ 35. Kf2 e4 36. Be2 Na4 37. Bd4 Nc3 38. Rh1 Nxe2 39. Kxe2 Rg2+ 40. Kf1 Rxa2 41. Rh7+ Ke6 42. Rg7 Bc5 43. Rxg6+ Kd7 44. Rg7+ Kc6 45. Rg6+ Kb7 46. Rg7+ Ka6 47. Rf7 Bxd4 48. exd4 b3 0-1

[Event "January 2 Early 2024"]
[Site "https://www.chess.com"]
[Date "2024.01.02"]
[Round "3"]
[White "Samaganova, Aleksandra"]
[Black "Sailer, Mike"]
[Result "1-0"]
[Board "206"]
[TimeControl "180+1"]
[WhiteFideId "13800221"]
[BlackFideId "2012901"]
[WhiteElo "2386"]
[BlackElo "2184"]
[WhiteTeam "KGZ"]
[BlackTeam "USA"]
[WhiteClock "0:00:26"]
[BlackClock "0:00:00"]

1. c4 e6 2. Nc3 d5 3. e3 c5 4. d4 cxd4 5. exd4 Nf6 6. Nf3 Nc6 7. Bd3 dxc4 8. Bxc4 Bb4 9. O-O O-O 10. Bg5 Be7 11. Re1 Nb4 12. Rc1 Nbd5 13. Bd3 b6 14. Bb1 Bb7 15. Ne5 Rc8 16. Qd3 g6 17. Qh3 Nxc3 18. bxc3 Nd5 19. Bh6 Re8 20. Nxf7 Qc7 21. Ne5 Bf6 22. Ng4 Bg7 23. Bxg7 Kxg7 24. Qh6+ Kh8 25. Bxg6 Re7 26. Be4 Rg8 27. Ne5 Reg7 28. g3 Qe7 29. Bg2 Qg5 30. Qxg5 Rxg5 31. Nf7+ 1-0

[Event "January 2 Early 2024"]
[Site "https://www.chess.com"]
[Date "2024.01.02"]
[Round "3"]
[White "Mohammed, Zozek Salah Mohammed"]
[Black "Thiel, Thomas"]
[Result "1-0"]
[Board "207"]
[TimeControl "180+1"]
[WhiteFideId "4803361"]
[BlackFideId "4615964"]
[WhiteElo "2386"]
[BlackElo "2180"]
[WhiteTeam "IRQ"]
[BlackTeam "GER"]
[WhiteClock "0:00:02"]
[BlackClock "0:00:15"]

1. d4 d5 2. Nf3 Nf6 3. g3 g6 4. Bg2 Bg7 5. O-O O-O 6. c4 dxc4 7. Qa4 Nbd7 8. Qxc4 Nb6 9. Qb3 Be6 10. Qc2 Bf5 11. Qb3 Be6 12. Qd1 c5 13. dxc5 Nbd7 14. c6 bxc6 15. Nc3 Nd5 16. Bd2 Nxc3 17. Bxc3 Bxc3 18. bxc3 Bd5 19. Qc2 Nf6 20. Rfd1 Qa5 21. c4 Be4 22. Qd2 Qxd2 23. Rxd2 Rfd8 24. Rad1 Rxd2 25. Rxd2 Rb8 26. h3 Kf8 27. Ne5 Rb1+ 28. Kh2 Rb4 29. Nxc6 Bxc6 30. Bxc6 Rxc4 31. Bf3 e6 32. Rb2 Rc7 33. a4 Ke7 34. a5 Kd6 35. a6 Nd5 36. e4 Nb6 37. Rd2+ Ke5 38. Rd8 Rd7 39. Rb8 f6 40. Kg2 g5 41. Re8 Rd6 42. Re7 Rd7 43. Re8 Rd6 44. Rh8 Rd7 45. Rb8 Rd6 46. Rb7 Rd7 47. Rb8 Rd6 48. h4 Nd7 49. Rd8 Nc5 50. Rh8 Rd7 51. Be2 Nxe4 52. Rb8 Nd6 53. Rb4 gxh4 54. Rxh4 f5 55. Rb4 Rc7 56. Rb8 Rc2 57. Bf1 Ne4 58. Rb7 Rxf2+ 59. Kg1 Ra2 60. Rxa7 Nxg3 61. Bc4 Ne4 62. Bxa2 1-0

[Event "January 2 Early 2024"]
[Site "https://www.chess.com"]
[Date "2024.01.02"]
[Round "3"]
[White "Forgacs, Attila Jr."]
[Black "Tagliati, Eleonore"]
[Result "1-0"]
[Board "208"]
[TimeControl "180+1"]
[WhiteFideId "773654"]
[BlackFideId "45172234"]
[WhiteElo "2384"]
[BlackElo "2166"]
[WhiteTeam "HUN"]
[BlackTeam "FRA"]
[WhiteClock "0:01:24"]
[BlackClock "0:00:05"]

1. a3 e5 2. e4 Nc6 3. Nf3 Nf6 4. Nc3 Bc5 5. Nxe5 Nxe5 6. d4 Bd6 7. dxe5 Bxe5 8. Bd3 O-O 9. Bg5 h6 10. Bh4 d6 11. O-O c6 12. f4 Bxc3 13. bxc3 Qb6+ 14. Kh1 Ng4 15. Qf3 d5 16. h3 Ne3 17. Rfe1 dxe4 18. Qxe4 Nf5 19. g4 Be6 20. c4 Rfe8 21. gxf5 Bd5 22. cxd5 Rxe4 23. Bxe4 cxd5 24. Bxd5 Qd6 25. Re5 Rf8 26. Be7 Qb6 27. Bxf8 Kxf8 28. Rae1 g6 29. Re8+ Kg7 30. R8e7 gxf5 31. Rxf7+ Kg8 1-0

[Event "January 2 Early 2024"]
[Site "https://www.chess.com"]
[Date "2024.01.02"]
[Round "3"]
[White "Cruz Ravina, Francisco Javier"]
[Black "Viana, Valeria"]
[Result "1-0"]
[Board "209"]
[TimeControl "180+1"]
[WhiteFideId "2228939"]
[BlackFideId "8407100"]
[WhiteElo "2383"]
[BlackElo "2159"]
[WhiteTeam "ESP"]
[BlackTeam "HON"]
[WhiteClock "0:00:42"]
[BlackClock "0:00:39"]

1. e4 c6 2. d3 d5 3. Nd2 e5 4. Ngf3 Bg4 5. h3 Bxf3 6. Nxf3 Bd6 7. g3 Nf6 8. Qe2 d4 9. Bg2 Nbd7 10. O-O O-O 11. Ne1 Qc7 12. f4 Rac8 13. f5 g6 14. Bh6 Rfe8 15. g4 Bf8 16. Bd2 c5 17. b3 b5 18. a4 c4 19. axb5 cxb3 20. cxb3 Qb6 21. fxg6 fxg6 22. g5 Nh5 23. Qg4 Qxb5 24. Rxa7 Rcd8 25. Ba5 Qb8 26. Rxd7 Rxd7 27. Qxd7 Re7 28. Qd5+ Kg7 29. Bd8 Nf4 30. Rxf4 exf4 31. Bxe7 Bxe7 32. Qxd4+ Kf8 33. Qh8+ 1-0

[Event "January 2 Early 2024"]
[Site "https://www.chess.com"]
[Date "2024.01.02"]
[Round "3"]
[White "Sokolov, Andrei"]
[Black "Petersson, Kjell"]
[Result "1-0"]
[Board "210"]
[TimeControl "180+1"]
[WhiteFideId "11600306"]
[BlackFideId "1705148"]
[WhiteElo "2382"]
[BlackElo "2155"]
[WhiteTeam "LAT"]
[BlackTeam "SWE"]
[WhiteClock "0:00:06"]
[BlackClock "0:00:07"]

1. d4 f5 2. Nc3 Nf6 3. Bg5 d5 4. Bxf6 exf6 5. e3 Be6 6. Bd3 Nc6 7. a3 Qd7 8. Na4 O-O-O 9. b3 Na5 10. Ne2 g5 11. Nb2 h5 12. c4 h4 13. c5 g4 14. Qc2 Bh6 15. b4 Nc6 16. b5 Ne7 17. Qa4 Kb8 18. c6 Qd6 19. cxb7 g3 20. f4 Rhg8 21. h3 Bf8 22. Rc1 Bd7 23. Qa5 Qb6 24. Qc3 Re8 25. Na4 Qd6 26. Nc5 Ng6 27. Na6+ Kxb7 28. Qxc7+ Qxc7 29. Rxc7+ Ka8 30. Rxd7 Rxe3 31. Kd2 Re8 32. Bxf5 Ne7 33. Nc7+ Kb7 34. Nxe8+ Kb6 35. Be6 Rh8 36. Bxd5 Nxd5 37. Rxd5 Bxa3 38. Nd6 Bb4+ 39. Kd3 Rf8 40. Nc4+ Kb7 41. Rb1 Be7 42. Rd7+ 1-0

[Event "January 2 Early 2024"]
[Site "https://www.chess.com"]
[Date "2024.01.02"]
[Round "3"]
[White "Mende, Andreas"]
[Black "Rios Escobar, Adan"]
[Result "0-1"]
[Board "211"]
[TimeControl "180+1"]
[WhiteFideId "4631102"]
[BlackFideId "3403645"]
[WhiteElo "2147"]
[BlackElo "2381"]
[WhiteTeam "GER"]
[BlackTeam "CHI"]
[WhiteClock "0:00:08"]
[BlackClock "0:00:10"]

1. c4 Nf6 2. g3 g6 3. Bg2 Bg7 4. Nc3 c5 5. Nf3 O-O 6. d4 cxd4 7. Nxd4 Nc6 8. O-O Ng4 9. e3 d6 10. Nxc6 bxc6 11. Bxc6 Rb8 12. Qc2 Ne5 13. Bg2 Nxc4 14. b3 Qa5 15. Nd5 Bxa1 16. Nxe7+ Kh8 17. bxc4 Bg7 18. Bd2 Qa3 19. Rb1 Be6 20. Rb3 Qc5 21. Nc6 Rbc8 22. Na5 Bxc4 23. Nxc4 Qxc4 24. Qxc4 Rxc4 25. Bb4 Rc1+ 26. Bf1 Kg8 27. Bxd6 Rd8 28. Ba3 Ra1 29. Kg2 h5 30. Be7 Rd7 31. Bc5 Rxa2 32. Bb5 Rdd2 33. e4 Bd4 34. Bxd4 Rxd4 35. Bd3 Rd2 36. Bb5 Rxe4 37. Kf3 Re7 38. Bc4 Kg7 39. Ra3 Rd4 40. Bf1 g5 41. Kg2 g4 42. h3 Rb4 43. hxg4 hxg4 44. Bd3 Rb2 45. Bf5 Rb4 46. Rd3 a5 47. Ra3 Re5 48. Bd3 f5 49. Kf1 Kf6 50. Kg2 Kg5 51. f4+ gxf3+ 52. Kxf3 Rd5 53. Be2 Rdd4 54. Rxa5 Rb3+ 55. Kf2 Rd2 56. Re5 Rbb2 57. g4 Rxe2+ 58. Rxe2 Rxe2+ 59. Kxe2 Kxg4 60. Ke3 Kg3 61. Ke2 f4 62. Kf1 Kf3 63. Ke1 Kg2 64. Ke2 f3+ 65. Kd3 f2 66. Kd4 f1=Q 67. Ke5 Qf2 68. Ke4 Kg3 69. Kd5 Qf3+ 70. Ke5 Kg4 71. Kd4 Kf5 72. Kc4 Qe3 73. Kd5 Qe4+ 74. Kc5 Qd3 75. Kc6 Qd4 76. Kb5 Qc3 0-1

[Event "January 2 Early 2024"]
[Site "https://www.chess.com"]
[Date "2024.01.02"]
[Round "3"]
[White "Chandra, Vania Vindy"]
[Black "Hoffmann, Asa"]
[Result "1-0"]
[Board "212"]
[TimeControl "180+1"]
[WhiteFideId "7103441"]
[BlackFideId "2001470"]
[WhiteElo "2146"]
[BlackElo "2379"]
[WhiteTeam "INA"]
[BlackTeam "USA"]
[WhiteClock "0:00:21"]
[BlackClock "0:00:32"]

1. d4 Nf6 2. c4 c5 3. d5 e5 4. Nc3 d6 5. e4 Be7 6. Bd3 Nbd7 7. Nge2 Nf8 8. O-O Ng6 9. f4 exf4 10. Nxf4 Ne5 11. Be2 O-O 12. Nh5 Nxh5 13. Bxh5 g6 14. Be2 Bg5 15. Bxg5 Qxg5 16. Qc1 Qxc1 17. Raxc1 Bd7 18. b3 a6 19. h3 b5 20. cxb5 axb5 21. Bxb5 Bxb5 22. Nxb5 Rxa2 23. Nxd6 Rb8 24. Rxc5 Rxb3 25. Rc8+ Kg7 26. Ne8+ Kh6 27. Nd6 Rbb2 28. Nxf7+ Nxf7 29. Rxf7 Rxg2+ 30. Kh1 Rh2+ 31. Kg1 Rxh3 32. Rh8 Rg3+ 33. Kf1 Rd3 34. Rhxh7+ Kg5 35. Rf2 Ra1+ 36. Kg2 Raa3 37. Re2 Rg3+ 38. Kh2 Rge3 39. Rxe3 Rxe3 40. Re7 Kf6 41. Re6+ Kf7 42. Kg2 g5 43. Kf2 Rb3 44. e5 Rd3 45. Rf6+ Kg7 46. d6 g4 47. Rf4 g3+ 48. Kg2 Rd5 49. Re4 Rd3 50. e6 Kf8 51. e7+ Ke8 52. Re6 Rc3 53. Rf6 Kd7 54. Rf8 Re3 55. Rd8+ Kc6 56. e8=Q+ Rxe8 57. Rxe8 Kxd6 58. Re1 Kd5 59. Kxg3 Kd4 60. Kf4 Kd3 61. Re8 Kd2 62. Kf3 Kc3 63. Rd8 Kc4 64. Ke4 Kc5 65. Ke5 Kc6 66. Ke6 Kc7 67. Rd1 Kc8 68. Ke7 Kb7 69. Rc1 Kb6 70. Kd6 Kb5 71. Kd5 Kb4 72. Kd4 Kb5 73. Rc2 Kb4 74. Rb2+ Ka3 75. Rb1 Ka2 76. Rb8 1-0

[Event "January 2 Early 2024"]
[Site "https://www.chess.com"]
[Date "2024.01.02"]
[Round "3"]
[White "Hartikainen, Jarmo"]
[Black "Novak, Ratko"]
[Result "1-0"]
[Board "213"]
[TimeControl "180+1"]
[WhiteFideId "503134"]
[BlackFideId "14511827"]
[WhiteElo "2140"]
[BlackElo "2377"]
[WhiteTeam "FIN"]
[BlackTeam "CRO"]
[WhiteClock "0:00:07"]
[BlackClock "0:00:00"]

1. e4 d5 2. exd5 c6 3. d4 cxd5 4. c4 Nc6 5. Nc3 Nf6 6. Nf3 Bg4 7. Be2 e6 8. Be3 dxc4 9. O-O Bxf3 10. Bxf3 Rc8 11. d5 exd5 12. Nxd5 Be7 13. Nxe7 Qxd1 14. Rfxd1 Nxe7 15. Bxa7 O-O 16. a4 Nc6 17. Be3 Rfe8 18. a5 h6 19. Rd6 Ne4 20. Rd7 Ra8 21. Bb6 Ne5 22. Rxb7 Nxf3+ 23. gxf3 Nd2 24. a6 Nxf3+ 25. Kg2 Ne1+ 26. Kf1 Nd3 27. Bd4 Red8 28. Bc3 Nc5 29. Rb6 Ra7 30. Ra5 Nb3 31. Ra4 Rc8 32. Rb7 Rca8 33. Rxc4 Rxa6 34. Rxb3 Ra1+ 35. Kg2 R1a6 36. Be5 Rg6+ 37. Rg3 Kh7 38. Rxg6 fxg6 39. Rc7 Rg8 40. b4 g5 41. b5 Kg6 42. Rxg7+ Kf5 43. Rxg8 1-0